 Dungeon Crawl Stone Soup version 0.31.0-32-g396128a36d (webtiles) character file.

Game seed: 12556875745748746458

927 Peloso the Carver (level 7, -4/61 HPs)
             Began as a Minotaur Fighter on Mar 17, 2024.
             Slain by a gnoll
             ... wielding a +0 flail
             ... led by a gnoll sergeant
              (9 damage)
             ... on level 6 of the Dungeon.
             The game lasted 00:09:28 (4843 turns).

Peloso the Carver (Minotaur Fighter)                Turns: 4843, Time: 00:09:28

Health: -4/61      AC: 14    Str: 20    XL:     7   Next: 85%
Magic:  6/6        EV:  6    Int:  8    God:
Gold:   183        SH:  5    Dex: 12    Spells: 6/6 levels left

rFire   . . .        a - +0 long sword
rCold   . . .        d - +0 buckler
rNeg    . . .        y - +0 plate armour
rPois   +            (helmet restricted)
rElec   .            (no cloak)
rCorr   .            (no gloves)
SInv    .            u - +0 pair of boots "Lyaw" {rPois Int+3}
Will    .....        (no amulet) Stlth
                     (no ring)
HPRegen 0.30/turn    (no ring)
MPRegen 0.10/turn

%: no passive effects
@: no status effects
A: horns 2, retaliatory headbutt
a: no special abilities


You were on level 6 of the Dungeon.
You visited 2 branches of the dungeon, and saw 7 of its levels.

You collected 275 gold pieces.
You spent 92 gold pieces at shops.

Inventory:

Hand Weapons
 a - a +0 long sword (weapon)
 b - the +10 short sword "Puso Wit" {drain, +Blink rC+}
   (You found it on level 4 of the Dungeon)

   rC+:       It protects you from cold.
   +Blink:    It lets you blink.
 c - a +2 falchion of electrocution
Armour
 d - a +0 buckler (worn)
 u - the +0 pair of boots "Lyaw" (worn) {rPois Int+3}
   (You found it on level 4 of the Dungeon)

   Int+3:     It affects your intelligence (+3).
   rPois:     It protects you from poison
 y - a +0 plate armour (worn)
Scrolls
 e - 3 scrolls of blinking {unknown}
 h - 8 scrolls of identify
 i - a scroll of poison {unknown}
 j - a scroll of summoning
 k - a scroll of amnesia {unknown}
 l - 2 scrolls of immolation {unknown}
 m - a scroll of fog {unknown}
 n - 2 scrolls of revelation {unknown}
 o - a scroll of vulnerability {unknown}
 q - 2 scrolls of silence {unknown}
 r - a scroll of enchant armour {unknown}
 s - a scroll of enchant weapon {unknown}
 t - a scroll of acquirement {unknown}
 w - a scroll of noise {unknown}
 z - a scroll of fear {unknown}
 A - a scroll of teleportation {unknown}
Potions
 f - 2 potions of enlightenment
 g - a potion of heal wounds
 p - 2 potions of brilliance
 v - a potion of cancellation
 x - a potion of curing {unknown}
 B - a potion of lignification {unknown}


   Skills:
 + Level 5.1 Fighting
 + Level 8.0 Long Blades
 + Level 6.4 Armour
 + Level 0.2 Dodging
 + Level 5.2 Shields


You had 6 spell levels left.
You didn't know any spells.
Your spell library contained the following spells:

 Spells                   Type           Power      Damage    Failure   Level
 Sting                    Conj/Alch      0%         1d3       100%        1
 Blink                    Tloc           0%         N/A       100%        2
 Lesser Beckoning         Tloc           0%         N/A       100%        2
 Mercury Vapours          Alch/Air       0%         N/A       100%        2
 Momentum Strike          Conj/Tloc      0%         3d8       100%        2
 Ozocubu's Armour         Ice            0%         N/A       100%        3
 Olgreb's Toxic Radiance  Alch           0%         N/A       100%        4
 Metabolic Englaciation   Hex/Ice        0%         N/A       100%        5
 Sculpt Simulacrum        Ice/Alch       0%         N/A       100%        6


Dungeon Overview and Level Annotations

Branches:
Dungeon (6/15)             Temple (1/1) D:5

Altars:
Ashenzari
Cheibriados
Fedhas
Gozag
Hepliaklqana
Kikubaaqudgha
Nemelex Xobeh
Qazlal
Sif Muna
Trog
Uskayaw
Wu Jian
Xom
Yredelemnul
Zin

Shops:
D:2 *   D:4 !

Annotations:
D:3 2 transporters, postfeelist's ghost, amateur HOFi


Innate Abilities, Weirdness & Mutations

You have a pair of horns on your head.
You reflexively headbutt those who attack you in melee.


Message History

The gnoll barely misses you.
You hit the gnoll but do no damage.
The gnoll is moderately wounded.
The gnoll sergeant hits you but does no damage.
The gnoll hits you with a +0 flail.
You hit the gnoll but do no damage. Your headbutt misses the gnoll.
The gnoll is moderately wounded.
You block the gnoll sergeant's attack. The gnoll hits you with a +0 flail.
A gnoll comes into view.
It is wielding a +0 club and carrying a wand of roots.
You see here a throwing net.
The gnoll shouts!
The gnoll sergeant zaps a wand.
The puff of flame hits you!
You hit the gnoll but do no damage.
The gnoll is moderately wounded.
The gnoll sergeant hits you with a +2 heavy trident.
You block the gnoll's attack.
You barely miss the gnoll.
The gnoll is moderately wounded.
You block the gnoll's attack.
The gnoll sergeant hits you with a +2 heavy trident!
You barely miss the gnoll. Your headbutt misses the gnoll.
The gnoll is moderately wounded.
The gnoll hits you with a +0 flail!
* * * LOW HITPOINT WARNING * * *
You hit the gnoll but do no damage.
The gnoll is moderately wounded.
The gnoll sergeant barely misses you. You furiously retaliate!
You headbutt the gnoll sergeant! You block the gnoll's attack.
The gnoll attacks as it pursues you! The gnoll hits you with a +0 flail.
* * * LOW HITPOINT WARNING * * *
The gnoll barely misses you.
The gnoll sergeant hits you from afar with a +2 heavy trident.
* * * LOW HITPOINT WARNING * * *
The gnoll attacks as it pursues you! The gnoll hits you but does no damage.
There is a stone staircase leading up here.
The gnoll sergeant hits you from afar with a +2 heavy trident!
* * * LOW HITPOINT WARNING * * *
The gnoll hits you with a +0 flail!
You die...

#.# #.# #.########
#########........#
#................#
..########.####..# ###
######.####..#
#.........g..#
#####.####...##g@####
..............g.....#######
####..######..#####.(.....#
# #...# #..# #.#####.# #
#.#.# +..# #....##.# .....#
+..# #.##....# #####.#
#..#####.##..### #.#
#........#...# #..
...##..[...#.#


You could see a gnoll sergeant and 2 gnolls.

Vanquished Creatures
  A sky beast (D:6)
  An ogre (D:6)
  A phantom (D:5)
  2 bombardier beetles (D:4)
  3 hounds (D:5)
  4 orc priests
  A gnoll bouda (D:4)
  Jessica (D:2)
  An iguana (D:5)
  2 orc wizards (D:4)
  A sleepcap (D:5)
  8 gnolls
  4 adders
  2 dart slugs
  2 ribbon worms
  19 orcs
  4 bats
  8 endoplasms
  A giant cockroach (D:2)
  9 hobgoblins
  7 jackals (D:1)
  5 kobolds
  2 quokkas
  11 ball pythons
  5 frilled lizards
  9 goblins
  9 rats
123 creatures vanquished.

Notes
Turn   | Place    | Note
-------+----------+-------------------------------------------
     0 | D:1      | Peloso the Minotaur Fighter began the quest for the Orb.
     0 | D:1      | Reached XP level 1. HP: 19/19 MP: 0/0
    92 | D:1      | Reached XP level 2. HP: 27/27 MP: 1/1
   409 | D:1      | Reached XP level 3. HP: 32/33 MP: 2/2
   507 | D:1      | Reached skill level 3 in Long Blades
   641 | D:1      | Found a faded altar of an unknown god.
  1155 | D:2      | Noticed Jessica
  1161 | D:2      | Killed Jessica
  1162 | D:2      | Reached XP level 4. HP: 40/40 MP: 3/3
  1278 | D:2      | Found Orepn's General Store.
  1281 | D:2      | Bought a scroll of identify for 22 gold pieces
  1785 | D:3      | Found a transporter.
  1786 | D:3      | Noticed postfeelist's ghost (amateur HOFi)
  1788 | D:3      | Noticed an ogre
  1788 | D:3      | Noticed an ogre
  1791 | D:3      | Found a transporter.
  2135 | D:3      | Reached skill level 4 in Long Blades
  2539 | D:4      | Reached XP level 5. HP: 43/46 MP: 4/4
  2558 | D:4      | Found Zenu's Distillery.
  2689 | D:4      | Identified the +0 pair of boots "Lyaw" {rPois Int+3}
  2708 | D:4      | Identified the +10 short sword "Puso Wit" {drain, +Blink
                  | rC+}
  2858 | D:4      | HP: 1/46 [orc priest/+0 flail (6)]
  2866 | D:4      | Reached skill level 5 in Armour
  3033 | D:4      | Reached skill level 5 in Long Blades
  3038 | D:4      | Reached XP level 6. HP: 47/53 MP: 5/5
  3045 | D:4      | Bought a potion of heal wounds for 70 gold pieces
  3145 | D:4      | Identified the +2 spear "Enaithro" {drain, rF+ Stlth+}
  3469 | D:5      | Entered Level 5 of the Dungeon
  3506 | D:5      | Reached skill level 6 in Long Blades
  3649 | D:5      | Reached XP level 7. HP: 56/60 MP: 6/6
  3760 | D:5      | Reached skill level 5 in Shields
  3839 | D:5      | Reached skill level 7 in Long Blades
  3848 | D:5      | Found a staircase to the Ecumenical Temple.
  3917 | Temple   | Entered the Ecumenical Temple
  4017 | D:5      | Found an opulent altar of Gozag.
  4409 | D:6      | Reached skill level 5 in Fighting
  4739 | D:5      | Reached skill level 8 in Long Blades
  4843 | D:6      | Slain by a gnoll

Illustrated notes

Levels and vault maps discovered:
D:1:      elethiomel_arrival_maze, layout_basic,
          hellmonk_ecumenical_altar_inner_sanctum, minivault_19
D:2:      layout_basic, serial_shops, nicolae_shop_pleasant_corner_grove,
          uniq_jessica
D:3:      layout_loops_ring, gammafunk_ghost_smash
D:4:      layout_rooms, serial_shops, nicolae_shop_gibbet_a_chance
D:5:      layout_gridville, mainiacjoe_overflow_surrounded_room,
          minmay_temple_entry_glass
D:6:      layout_loops_ring, general_overflow_altar, fountainhead, uniq_maggie
Temple:   nicolae_temple_superstar

Skill      XL: |  1  2  3  4  5  6  7 |
---------------+----------------------+-----
Shields        | 4 5 |  5.2
Armour         | 4 5 6 |  6.4
Fighting       | 4 5 |  5.1
Long Blades    | 3 4 5 6 8 |  8.0
Dodging        | |  0.2

Action                     |  1- 3 |  4- 6 |  7- 9 || total
---------------------------+-------+-------+-------++-------
  Melee: Long sword        |    72 |   211 |    82 ||   365
         Headbutt          |    10 |    39 |    20 ||    69
    Use: Potion            |     4 |     2 |       ||     6
         Scroll            |       |     3 |       ||     3
 Armour: Scale mail        |    22 |       |       ||    22
         Plate armour      |    39 |   168 |    76 ||   283
  Dodge: Dodged            |    33 |    68 |    23 ||   124
  Block: Buckler           |    17 |    48 |    21 ||    86
